 Dungeon Crawl Stone Soup version 0.17.2 (webtiles) character file.

361 ololoev the Slasher (level 6, -2/48 HPs)
             Began as a Mummy Chaos Knight on June 28, 2016.
             Slain by Eustachio
             ... wielding a +4 rapier of chaos
              (3 damage)
             ... on level 4 of the Dungeon.
             The game lasted 00:09:28 (4322 turns).

ololoev the Slasher (Mummy Chaos Knight)            Turns: 4322, Time: 00:09:28

Health: -2/48      AC:  5    Str: 17      XL:     6   Next: 38%
Magic:  6/6        EV: 11    Int: 11      God:    Xom [*.....]
Gold:   1047       SH:  0    Dex: 10 (12) Spells: 0 memorised, 5 levels left

rFire  x . .     SeeInvis .     a - +2 falchion (freeze)
rCold  + . .     Clarity  .     b - +2 leather armour
rNeg   + + +     SustAt   .     (no shield)
rPois  ∞         Gourm    .     (no helmet)
rElec  .         Spirit   .     (no cloak)
rCorr  .         Warding  .     (no gloves)
rMut   .         Stasis   .     (no boots)
MR     .....                    (no amulet)
Stlth  +.........               (no ring)
                                (no ring)

@: not resistant to hostile enchantments, very unstealthy
A: no food or potions, fire vulnerability, cold resistance 1, negative energy
resistance 3, torment resistance, unbreathing
a: Renounce Religion


Innate Abilities, Weirdness & Mutations

You do not eat or drink.
Your flesh is vulnerable to fire.
You are immune to poison.
Your flesh is cold resistant.
You are immune to negative energy.
You are immune to unholy pain and torment.
You can survive without breathing.

Inventory:

Hand Weapons
 a - a +2 falchion of freezing (weapon)
Missiles
 l - a throwing net (quivered)
Armour
 b - a +2 leather armour (worn)
 g - a +0 buckler
Jewellery
 m - an uncursed ring of teleportation
Scrolls
 d - 2 scrolls of blinking
 f - 3 scrolls of enchant weapon
 i - a scroll of enchant armour
 j - a scroll of teleportation
 k - a scroll of recharging {unknown}


   Skills:
 - Level 3.7 Fighting
 * Level 4.3 Long Blades
 + Level 3.4 Armour
 - Level 1.7 Dodging


You had 5 spell levels left.
You didn't know any spells.


You were on level 4 of the Dungeon.
You worshipped Xom.
You were a special plaything of Xom.
You were not hungry.

You visited 1 branch of the dungeon, and saw 4 of its levels.

You collected 1047 gold pieces.

........#).............#...
,, ,
......).#%.............#..#
, ,,
).......#..............#..#
,,,
........#..##########..#..#
* ,
........#..#).......#..#..#
* ,
.#'#....#..#........#..#..#
**,
)#.#....#..#..#####.#.....#
*
.#.#....#..#..#...#.#.....#
*
[#.#....#..#..#.@@#.#.....#
*
<#.#....#..#..#.b5#.#.....#
*,
##......#..#..#...''#..#..#
*
####....#..#..#...)....#..#
*
####....#..#..#.)......#..#
*
####....#..#@.###......#..#
*
####....#..#....)...#..#).#
####....#..###+######..#..#
,,,.....#.....r........# *

Notes
Turn   | Place    | Note
--------------------------------------------------------------
     0 | D:1      | ololoev the Mummy Chaos Knight began the quest for the Orb.
     0 | D:1      | Reached XP level 1. HP: 18/18 MP: 1/1
    31 | D:1      | Reached skill level 1 in Dodging
    91 | D:1      | Reached XP level 2. HP: 12/24 MP: 2/2
   552 | D:1      | XOM: silly message
   660 | D:1      | Reached XP level 3. HP: 29/29 MP: 3/3
   819 | D:2      | Found a blossoming altar of Fedhas.
  1277 | D:2      | XOM: vitrification
  1483 | D:2      | XOM: harmless Tloc miscast
  1619 | D:2      | Reached XP level 4. HP: 35/35 MP: 4/4
  1878 | D:3      | Found a shimmering altar of Xom.
  1884 | D:3      | Noticed Sigmund
  1884 | D:3      | XOM: cast spell 'Cause Fear'
  2370 | D:3      | Reached XP level 5. HP: 35/42 MP: 5/5
  2775 | D:3      | XOM: confuse monster(s)
  3061 | D:3      | Found a shadowy altar of Dithmenos.
  3506 | D:3      | XOM: god gift: 850 gold pieces
  3790 | D:4      | XOM: vitrification
  3803 | D:4      | Noticed an ogre
  3825 | D:4      | Killed an ogre
  3825 | D:4      | Reached skill level 4 in Long Blades
  3825 | D:4      | Reached XP level 6. HP: 48/48 MP: 6/6
  3883 | D:4      | XOM: god gift: slice of pizza
  4088 | D:4      | Got a dazzling hand axe
  4094 | D:4      | Noticed Eustachio
  4115 | D:4      | XOM: divination: magic mapping
  4306 | D:4      | XOM: summons friendly shadow imp
  4316 | D:4      | XOM: enchant monster (bad)
  4319 | D:4      | XOM: chaos upgrade
  4322 | D:4      | HP: 1/48 [Eustachio/rapier of chaos (3)]
  4322 | D:4      | Slain by Eustachio

Dungeon Overview and Level Annotations

Branches:
Dungeon (4/15)
 Temple: D:4-7

Altars:
Dithmenos
Fedhas
Xom

Annotations:
D:3 Sigmund
D:4 Eustachio


Message History

Eustachio blinks!
Unknown command.
The bat completely misses you.
Eustachio gestures wildly while chanting.
Eustachio blinks!
Your shadow imp barely misses the bat.
You closely miss Eustachio.
Eustachio is heavily wounded.
Xom's power touches on a nearby monster.
Eustachio suddenly seems more agile.
The bat hits you but does no damage. Eustachio hits you with a rapier.
Your leather armour prevents you from hitting Eustachio.
Eustachio is heavily wounded.
The bat hits you but does no damage. The bat completely misses you.
Eustachio barely misses you.
Your shadow imp closely misses the bat.
The bat barely misses you. Eustachio closely misses you. The bat misses you.
Your shadow imp gestures at Eustachio.
Eustachio convulses in agony!
You closely miss Eustachio.
Eustachio is severely wounded.
Xom's power touches on a nearby weapon.
Eustachio's rapier is briefly surrounded by a scintillating aura of random colours.
The bat completely misses you.
Eustachio zaps a wand.
The magic dart hits you!
You miss Eustachio.
Eustachio is severely wounded.
The bat hits you.
Eustachio zaps a wand.
The magic dart hits you!
Your shadow imp hits Eustachio.
Unknown command.
You barely miss Eustachio.
Eustachio is severely wounded.
The bat closely misses you. The bat hits you but does no damage.
Your shadow imp closely misses Eustachio.
Eustachio zaps a wand.
The magic dart hits you!
Unknown command.
You barely miss Eustachio.
Eustachio is severely wounded.
The bat barely misses you. x2
Your shadow imp hits Eustachio but does no damage.
Eustachio hits you with a rapier of chaos.
Eustachio burns you.
You die...

You could see Eustachio, a bat and a friendly shadow imp.

Vanquished Creatures
  An ogre (D:4)
  3 orc wizards
  A hound (D:4)
  A hound skeleton (D:4)
  A gnoll (D:3)
  3 adders
  3 worms (D:2)
  16 orcs
  11 bats
  7 giant cockroaches
  14 goblins
  9 hobgoblins
  6 jackals
  8 kobolds
  3 quokkas (D:3)
  A ball python (D:1)
  3 giant geckos (D:2)
  5 giant newts
  A quokka skeleton (D:4)
  7 rats
104 creatures vanquished.

Action                   |  1- 3 |  4- 6 || total
-------------------------+-------+-------++-------
Melee: Falchion          |   173 |   231 ||   404
Throw: Throwing net      |       |     1 ||     1
  Use: Scroll            |       |     6 ||     6
 Stab: Sleeping          |     1 |       ||     1
       Confused          |       |     1 ||     1
       Held in net/web   |       |     1 ||     1

Vault maps used:
D:1:      dpeg_arrival_radiant, minmay_misc_feat_chi
D:2:      minmay_door_path, fedhas_altar_3
D:3:      nicolae_overflow_crystal_walls, nicolae_dithmenos_shadow_blocks,
          serial_glass, glass_columns_c, glass_columns_c, glass_columns_a,
          glass_columns_c, glass_columns_b, glass_columns_a, glass_columns_c,
          glass_columns_b, item_on_display_a, uniq_sigmund
D:4:      gammafunk_temple_overflow_pools, lemuel_doored_altar,
          cheibrodos_ashenzari_chains, uniq_eustachio
